 Dungeon Crawl Stone Soup version 0.22.0-75-g3901e79 (webtiles) character file.

348221 troglodite the Peltast (level 21, -1/168 HPs)
             Began as a Demonspawn Berserker on Sept 10, 2018.
             Was the Champion of Trog.
             Killed from afar by a tengu reaver (24 damage)
             ... with a bolt of lightning
             ... on level 5 of the Vaults on Sept 12, 2018.
             The game lasted 03:28:04 (56384 turns).

troglodite the Peltast (Demonspawn Berserker)      Turns: 56384, Time: 03:28:06

Health: -1/168     AC: 27    Str: 32    XL:     21   Next: 23%
Magic:  21/21      EV: 17    Int: 14    God:    Trog [******]
Gold:   3111       SH: 32    Dex: 19    Spells: 20/20 levels left

rFire    + + +     SeeInvis +   y - +9 sword of Zonguldrok {reap}
rCold    + . .     Gourm    .   j - +8 large shield
rNeg     + + .     Faith    +   I - +2 chain mail of Beogh's Pride {SInv}
rPois    +         Spirit   .   K - +0 helmet of Hempe {rN+}
rElec    .         Reflect  .   r - +2 cloak {rPois}
rCorr    .         Harm     .   E - +2 pair of gloves {Str+3}
MR       ++++.                  (boots unavailable)
Stlth    ..........             q - amulet of faith
HPRegen  1.78/turn              p - ring of the Suburbs {rC+ Int+3 Dex+3 Slay+2}
MPRegen  0.17/turn              g - ring "Puzur" {rF+ rN+ Str+9 Int+2 Dex-4}

@: regenerating, studying Crossbows, drained
A: talons 3, molten scales 3, blurry vision 1, fire resistance 1, magic
resistance 1, regeneration 1, spiny 3, evolution 1, augmentation 1, flame cloud
immunity
}: 2/15 runes: decaying, serpentine
a: Berserk, Trog's Hand, Brothers in Arms, Renounce Religion


You were on level 5 of the Vaults.
You worshipped Trog.
Trog was exalted by your worship.
You were not hungry.

You visited 6 branches of the dungeon, and saw 36 of its levels.
You visited the Abyss 1 time.
You also visited: Labyrinth, Ice Cave and Wizlab.

You collected 4105 gold pieces.
You spent 994 gold pieces at shops.

Inventory:

Hand Weapons
 y - the +9 sword of Zonguldrok (weapon) {reap}
   (You found it in a wizard's laboratory)

   If a monster killed with it leaves a corpse in good enough shape, the corpse
   will be animated as a zombie friendly to the killer.
 z - a +3 falchion of flaming
 A - the +6 trident "Giant's Toothpick" {freeze, +Inv rPois rC+}
   (You took it off an orc warrior on level 6 of the Dungeon)

   It has been specially enchanted to freeze those struck by it, causing extra
   injury to most foes and up to half again as much damage against particularly
   susceptible opponents.
   It can also slow down cold-blooded creatures.
   It protects you from cold.
   It protects you from poison.
   It lets you turn invisible.
 F - a +9 demon blade of draining
Armour
 j - a +8 large shield (worn)
 r - a +2 cloak of poison resistance (worn)
 E - a +2 pair of gloves of strength (worn)
 I - the +2 chain mail of Beogh's Pride (worn) {SInv}
   (You took it off an orc warrior on level 6 of the Dungeon)

   It lets you see invisible.
 K - the +0 helmet of Hempe (worn) {rN+}
   (You found it on level 6 of the Dungeon)

   It protects you from negative energy.
Jewellery
 g - the ring "Puzur" (right hand) {rF+ rN+ Str+9 Int+2 Dex-4}
   (You acquired it on level 1 of the Swamp)

   [ring of positive energy]

   It affects your strength (+9).
   It affects your intelligence (+2).
   It affects your dexterity (-4).
   It protects you from fire.
   It protects you from negative energy.
 h - a +3 ring of protection
 n - an uncursed ring of positive energy
 p - the ring of the Suburbs (left hand) {rC+ Int+3 Dex+3 Slay+2}
   (You bought it in a shop on level 2 of the Vaults)

   [ring of slaying]

   It affects your intelligence (+3).
   It affects your dexterity (+3).
   It affects your accuracy and damage with ranged weapons and melee attacks
   (+2).
   It protects you from cold.
 q - an amulet of faith (around neck)
 w - an uncursed ring of resist corrosion
 P - the ring "Zeema" {MR+ Str+2 Int+3}
   (You found it on level 13 of the Dungeon)

   [ring of intelligence]

   It affects your strength (+2).
   It affects your intelligence (+3).
   It affects your resistance to hostile enchantments.
 U - a +3 ring of evasion
Wands
 b - a wand of flame (23)
 e - a wand of disintegration (12)
 M - a wand of clouds (8)
 Q - a wand of iceblast (13)
 V - a wand of enslavement (17)
 X - a wand of paralysis (19)
Scrolls
 i - 3 scrolls of fear
 l - 5 scrolls of teleportation
 s - 5 scrolls of magic mapping
 t - a scroll of summoning
 B - 2 scrolls of silence
 H - 16 scrolls of remove curse
 J - a scroll of enchant weapon
 N - 4 scrolls of identify
Potions
 d - a potion of magic
 f - 12 potions of agility
 k - 16 potions of curing
 m - 5 potions of lignification
 o - 2 potions of invisibility
 u - 4 potions of brilliance
 v - 4 potions of flight
 x - 5 potions of cancellation
 D - 5 potions of ambrosia
 L - 3 potions of berserk rage
 O - 4 potions of might
 S - a potion of haste
 T - 3 potions of resistance
Books
 a - a manual of Crossbows
Comestibles
 c - 14 rations


   Skills:
 * Level 15.1(13.6) Fighting
 + Level 11.2(9.9) Long Blades
   Level 3.1(7.8) Axes
 + Level 12.8(11.6) Polearms
 * Level 14.0(12.6) Armour
 * Level 13.7(12.3) Dodging
 + Level 3.4(2.3) Stealth
 * Level 20.2(18.6) Shields


You had 20 spell levels left.
You didn't know any spells.
Your spell library was empty.

Dungeon Overview and Level Annotations

Branches:
Dungeon (15/15)            Temple (0/1) D:6            Lair (6/6) D:10
  Swamp (4/4) Lair:2        Snake (4/4) Lair:4        Slime (0/5) Lair:5
    Orc (2/2) D:9             Elf (0/3) Orc:2        Vaults (5/5) D:14
  Crypt (0/3) Vaults:3     Depths (0/5) D:15

Altars:
Ashenzari
Dithmenos
Elyvilon
Fedhas
Gozag
Hepliaklqana
Makhleb
Wu Jian
Zin
The Shining One
Beogh
Jiyva

Shops:
D:4 }   D:7 %   D:10 (   D:12 *   D:14 !   Orc:2 *(:**   Snake:1 }}=
Vaults:2 =   Vaults:3 :((=*   Vaults:4 [

Annotations:
Lair:4 3 runed doors, Decwus's ghost, journeyman GnFi


Innate Abilities, Weirdness & Mutations

You have claws for feet.
You are completely covered in molten scales. (AC +4, rF+)
Your flesh is heat resistant. (rF+)
You are completely covered in sharp spines.
Your magical and physical power is slightly enhanced at high health.
You are immune to clouds of flame.
Scrolls take you a little longer to read.
You are resistant to hostile enchantments. (MR+)
Your natural rate of healing is unusually fast.
You evolve.


Message History

The shadow dragon is severely wounded.
The tengu reaver is struck by your spines.
The tengu reaver barely misses you. You block the tengu reaver's attack. x2
The shadow dragon breathes negative energy at you.
The bolt of negative energy hits you! You partially resist.
You feel drained.
* * * LOW HITPOINT WARNING * * *
You slice the shadow dragon!! Your kick misses the shadow dragon.
The shadow dragon is almost dead.
The shadow dragon breathes negative energy at you.
The bolt of negative energy misses you. You block the tengu reaver's attack. x3
Unknown command.
You completely miss the shadow dragon.
You claw the shadow dragon, but do no damage.
The shadow dragon is almost dead.
You block the shadow dragon's attack.
The shadow dragon completely misses you.
You block the shadow dragon's attack.
The tengu reaver gestures at you while chanting.
The bolt of lightning hits you!
You die...

########################
.......................
.........(............
###########.)......####
#.........D.'#####
#...#.*QD#.###....###
#.#.##...@#'#...ยง....#
#...# #..))##.....D...[#
#.#.# #.)))##..........#
...# #....##....*.....#
.# #..(.##...........#
#....###[.........'
#....# ###......'##
#....# ####...#. #.(..#


You could see a shadow dragon, a tengu reaver and a battlesphere.

Vanquished Creatures
  An ancient lich (WizLab)
  A golden dragon (Vaults:5)
  3 tentacled monstrosities
  2 titans (Vaults:5)
  An ancient champion (WizLab)
  Kirke (Swamp:2)
  2 thorn hunters (Swamp:3)
  3 storm dragons
  A tengu reaver (Vaults:5)
  A shadow dragon (Vaults:5)
  2 fire giants
  An azure jelly (shapeshifter) (Vaults:2)
  A frost giant (Vaults:5)
  10 nagarajas
  2 deep elf sorcerers (Vaults:3)
  Louise (Swamp:2)
  8 vault wardens
  A deep elf elementalist (Vaults:5)
  5 stone giants
  5 very ugly things
  14 ironheart preservers
  2 entropy weavers (Vaults:2)
  4 deep elf demonologists
  2 deep elf annihilators
  A minotaur (Lab)
  3 ettins
  2 green deaths (Swamp:4)
  A fire dragon (Vaults:4)
  2 death oozes (Swamp:4)
  2 crystal guardians
  A deep elf death mage (Vaults:4)
  Josephine (D:12)
  2 deep elf high priests (Vaults:5)
  3 ice dragons
  9 yaktaur captains
  A rakshasa (Vaults:3)
  33 vault guards
  3 great orbs of eyes
  18 hydras
  8 naga warriors
  3 centaur warriors
  A hell beast (Swamp:4)
  9 anacondas
  10 alligators
  Erica (Orc:1)
  15 two-headed ogres
  4 ogre magi
  5 orc high priests (Orc:2)
  A queen ant (D:8)
  A tengu warrior (D:12)
  A thrashing horror (Swamp:4)
  2 vampire magi (Vaults:3)
  A deep troll shaman (Vaults:4)
  A deep troll earth mage (Vaults:4)
  12 shock serpents
  7 deep elf knights
  A wretched star (Abyss:2)
  17 naga sharpshooters
  15 skeletal warriors
  5 shadow wraiths
  2 spatial maelstroms (Abyss:2)
  8 sea snakes (Snake:4)
  5 deep trolls (Vaults:4)
  6 swamp dragons
  6 unseen horrors
  10 naga ritualists
  4 shambling mangroves
  2 glowing orange brains
  A spriggan druid (Swamp:4)
  6 deep elf archers
  An orange crystal statue (D:9)
  2 flayed ghosts (Vaults:4)
  A spectral wolf spider (D:12)
  10 ironbrand convokers
  A harpy (Vaults:2)
  19 orc knights
  An oklob plant (Lair:5)
  2 orc sorcerers
  11 mana vipers
  23 ugly things
  A manticore (shapeshifter) (Vaults:2)
  21 deep elf magi
  7 salamanders
  2 manticores
  A wolf spider (Vaults:3)
  7 starcursed masses (Abyss:2)
  5 cyclopes
  9 vault sentinels
  7 guardian serpents
  An ice statue (IceCv)
  Psyche (D:8)
  39 black mambas
  9 naga magi
  2 gargoyles
  An orange demon (Swamp:4)
  28 spiny frogs
  2 minotaur zombies (Lab)
  2 rime drakes (Lair:6)
  A kobold demonologist (D:13)
  A freezing wraith (Vaults:3)
  18 yaktaurs
  An efreet (D:15)
  6 komodo dragons
  3 trolls
  A jumping spider (shapeshifter) (D:13)
  3 meliai (D:14)
  11 tyrant leeches
  A jumping spider (Vaults:2)
  Grinder (D:3)
  A merfolk (shapeshifter) (Vaults:4)
  16 hornets
  11 polar bears
  2 raiju (Abyss:2)
  28 blink frogs
  27 slime creatures
  5 dream sheep (Lair:6)
  9 bog bodies
  8 hippogriffs
  A hippogriff (shapeshifter) (Vaults:2)
  8 spriggans
  2 shadows (Swamp:4)
  4 redbacks (Vaults:2)
  2 wyverns
  A centaur simulacrum (D:15)
  5 vampires
  2 tarantellas (Vaults:2)
  10 wraiths
  2 hogs (Swamp:2)
  2 basilisks
  35 yaks
  4 hungry ghosts
  17 vampire mosquitoes
  3 small abominations
  2 wargs
  11 swamp worms
  5 two-headed ogre zombies (WizLab)
  10 water moccasins
  2 spatial vortices (Abyss:2)
  4 large abominations
  15 insubstantial wisps
  14 soldier ants
  55 nagas
  4 hell hounds (Abyss:2)
  2 acid dragons
  8 porcupines
  An eye of draining (Abyss:2)
  An ice beast (D:12)
  A black bear (Lair:4)
  60 orc warriors
  3 swamp drakes
  3 phantoms
  3 sky beasts
  2 boggarts (Vaults:2)
  A hornet zombie (D:10)
  14 centaurs
  18 ogres
  11 crocodiles
  13 wolves
  A big kobold (D:7)
  16 bullfrogs
  A gnoll sergeant (D:7)
  A water moccasin zombie (D:6)
  A wyvern skeleton (D:9)
  9 killer bees
  9 troll zombies (WizLab)
  6 scorpions
  A human simulacrum (Vaults:3)
  4 howler monkeys
  15 wights
  10 electric eels
  3 quasits
  7 crimson imps
  3 centaur zombies
  8 hounds
  3 bullfrog zombies
  7 jellies
  29 orc priests
  4 centaur skeletons
  Jessica (D:2)
  22 orc wizards
  3 iguanas
  40 worker ants
  10 ogre zombies
  A howler monkey zombie (D:5)
  A worker ant zombie (D:9)
  12 adders
  8 gnolls
  3 howler monkey skeletons
  3 shadow imps
  2 oozes
  2 adder skeletons
  A worm (D:2)
  A dart slug (D:2)
  7 leopard geckos
  111 orcs
  2 ball pythons
  6 giant cockroaches
  16 goblins
  6 hobgoblins
  15 jackals
  5 quokkas
  A ball python skeleton (D:6)
  8 bats
  7 frilled lizards
  2 goblin skeletons (D:9)
  A hobgoblin zombie (D:9)
  12 kobolds
  2 orc skeletons (D:9)
  9 orc zombies (D:9)
  A quokka skeleton (D:5)
  5 rats
  A briar patch (Swamp:3)
  A plant (Lair:6)
1523 creatures vanquished.

Vanquished Creatures (collateral kills)
  Nikola (Swamp:1)
  A bone dragon (Abyss:2)
  A titan (Vaults:5)
  A tentacled starspawn (Abyss:2)
  A cacodemon (Abyss:2)
  A vault warden (Vaults:5)
  A frost giant (IceCv)
  An ironheart preserver (Vaults:4)
  2 stone giants
  A very ugly thing (Swamp:4)
  A yaktaur captain (Vaults:5)
  3 hydras
  An ice dragon (Vaults:2)
  9 vault guards
  The ghost of Folque the Destroyer, a journeyman DsWz of Sif Muna (D:12)
  A centaur warrior (Vaults:2)
  2 two-headed ogres (Vaults:3)
  2 ogre magi
  A shadow wraith (Vaults:4)
  A sea snake (Snake:4)
  A spriggan druid (Swamp:2)
  A deep troll (Vaults:4)
  A glowing orange brain (Vaults:1)
  A swamp dragon (Swamp:4)
  2 orc sorcerers (Vaults:2)
  An obsidian statue (Vaults:1)
  3 orc knights
  2 ugly things (Swamp:4)
  2 deep elf magi
  A cyclops (Vaults:2)
  Maurice (D:8)
  A naga mage (Snake:4)
  A vault sentinel (Vaults:5)
  The ghost of CcS the Conjurer, a novice DEFE (D:6)
  An orange demon (Swamp:4)
  2 spiny frogs (Lair:6)
  4 yaktaurs
  A freezing wraith (Vaults:4)
  A tengu conjurer (D:11)
  A troll (Vaults:2)
  4 polar bears (IceCv)
  A tyrant leech (Lair:6)
  6 slime creatures
  3 blink frogs (Lair:6)
  A shadow (Swamp:4)
  2 centaur simulacra (D:12)
  A water elemental (D:11)
  9 yaks
  3 vampire mosquitoes (Lair:6)
  A warg (Vaults:4)
  A hell hound (Abyss:2)
  7 orc warriors (Orc:2)
  An eye of draining (D:14)
  3 ogres
  2 wolves (IceCv)
  3 boggarts (Vaults:2)
  A centaur (Vaults:4)
  4 bullfrogs (Lair:6)
  A scorpion (D:8)
  An orc wizard (Vaults:3)
  3 orc priests
  An iguana (D:12)
  2 ogre zombies (D:9)
  An adder (D:9)
  An adder skeleton (D:8)
  12 orcs
  A goblin skeleton (D:9)
  A hobgoblin skeleton (D:9)
  A hobgoblin zombie (D:9)
  An orc skeleton (D:9)
  An orc zombie (D:9)
  A quokka skeleton (D:9)
  A plant (Lair:6)
144 creatures vanquished.

Vanquished Creatures (others)
  An ironheart preserver (Vaults:3)
  A deep elf demonologist (Vaults:5)
  A black mamba (Snake:3)
  A freezing wraith (Vaults:5)
  A human (Swamp:2)
  A naga (Snake:4)
  5 fungi
  38 plants (Lair:6)
49 creatures vanquished.

Grand Total: 1716 creatures vanquished

Notes
Turn   | Place    | Note
-------+----------+-------------------------------------------
     0 | D:1      | troglodite the Demonspawn Berserker began the quest for the
                  | Orb.
     0 | D:1      | Reached XP level 1. HP: 18/18 MP: 1/1
   170 | D:1      | Gained mutation: Your flesh is heat resistant. (rF+)
                  | [demonic ancestry]
   170 | D:1      | Reached XP level 2. HP: 18/24 MP: 2/2
   809 | D:1      | Reached ** piety under Trog
   945 | D:2      | Noticed a scorpion
   967 | D:2      | Killed a scorpion
   967 | D:2      | Gained mutation: You are partially covered in molten
                  | scales. (AC +2) [demonic ancestry]
   967 | D:2      | Reached XP level 3. HP: 24/30 MP: 3/3
   967 | D:2      | Reached XP level 4. HP: 29/37 MP: 4/4
  1945 | D:2      | Noticed Jessica
  1956 | D:2      | Killed Jessica
  1956 | D:2      | Reached skill level 1 in Shields
  1956 | D:2      | Gained mutation: You have sharp toenails. [demonic
                  | ancestry]
  1956 | D:2      | Reached XP level 5. HP: 42/42 MP: 5/5
  2022 | D:2      | Found a shadowy altar of Dithmenos.
  2022 | D:2      | Found an opulent altar of Gozag.
  2023 | D:2      | Found a glowing silver altar of Zin.
  2589 | D:3      | Found a faded altar of an unknown god.
  2632 | D:3      | Noticed Grinder
  2649 | D:3      | Killed Grinder
  2649 | D:3      | Reached skill level 5 in Fighting
  2649 | D:3      | Reached XP level 6. HP: 51/51 MP: 6/6
  3011 | D:4      | Reached skill level 1 in Stealth
  3129 | D:4      | Found a hazy altar of Hepliaklqana.
  3202 | D:4      | Reached *** piety under Trog
  3277 | D:4      | Got a shimmering leather armour
  3288 | D:4      | Identified the cursed +0 leather armour "Waaf" {+Inv rPois
                  | Int+3} (You found it on level 4 of the Dungeon)
  3357 | D:4      | Gained mutation: You are partially covered in sharp spines.
                  | [demonic ancestry]
  3357 | D:4      | Reached XP level 7. HP: 46/56 MP: 7/7
  3390 | D:4      | Found Deikavvi's Gadget Shoppe.
  3670 | D:4      | Found a blossoming altar of Fedhas.
  3672 | D:4      | Found a burning altar of Makhleb.
  3938 | D:5      | Entered Level 5 of the Dungeon
  4506 | D:5      | Reached skill level 2 in Shields
  5630 | D:6      | Reached skill level 5 in Long Blades
  5634 | D:6      | Found a shattered altar of Ashenzari.
  5757 | D:6      | Found a staircase to the Ecumenical Temple.
  5823 | D:6      | Gained mutation: You are mostly covered in sharp spines.
                  | [demonic ancestry]
  5823 | D:6      | Reached XP level 8. HP: 64/64 MP: 8/8
  5896 | D:6      | Reached skill level 3 in Shields
  5944 | D:6      | Found a runed gate.
  5950 | D:6      | Found a runed gate.
  5951 | D:6      | Found a runed gate.
  5956 | D:6      | Noticed CcS's ghost (novice DEFE)
  5964 | D:6      | Found a roughly hewn altar of Beogh.
  6571 | D:7      | Found Waunk's Food Boutique.
  6697 | D:7      | Reached skill level 4 in Shields
  6748 | D:7      | Reached **** piety under Trog
  6949 | D:7      | Found a white marble altar of Elyvilon.
  6997 | D:7      | Reached skill level 5 in Shields
  6997 | D:7      | Gained mutation: You are immune to clouds of flame.
                  | [demonic ancestry]
  6997 | D:7      | Reached XP level 9. HP: 42/69 MP: 9/9
  7521 | D:7      | Reached skill level 5 in Dodging
  8579 | D:8      | Reached skill level 6 in Shields
  8607 | D:8      | Noticed Psyche
  8607 | D:8      | Noticed a queen ant
  8820 | D:8      | Reached skill level 5 in Armour
  9085 | D:8      | Killed Psyche
  9085 | D:8      | Gained mutation: You have razor-sharp toenails. [demonic
                  | ancestry]
  9085 | D:8      | Reached XP level 10. HP: 79/79 MP: 10/10
  9193 | D:8      | Noticed Maurice
  9205 | D:8      | Got a slimy war axe
  9234 | D:8      | Killed Maurice
  9263 | D:8      | Identified the +5 war axe "Esuath" {drain, MR+ Int+3} (You
                  | found it on level 8 of the Dungeon)
  9506 | D:8      | Reached skill level 7 in Shields
  9899 | D:8      | Reached skill level 1 in Axes
 10014 | D:8      | Killed a queen ant
 11085 | D:6      | Reached skill level 8 in Shields
 11087 | D:6      | Killed CcS's ghost
 11097 | D:6      | Got a jewelled trident {freeze}
 11097 | D:6      | Got a pitted chain mail
 11129 | D:6      | Got a faintly humming helmet
 11135 | D:6      | Identified the cursed +0 helmet of Hempe {rN+} (You found
                  | it on level 6 of the Dungeon)
 11145 | D:6      | Identified the +2 chain mail of Beogh's Pride {SInv} (You
                  | took it off an orc warrior on level 6 of the Dungeon)
 11146 | D:6      | Identified the +6 trident "Giant's Toothpick" {freeze, +Inv
                  | rPois rC+} (You took it off an orc warrior on level 6 of
                  | the Dungeon)
 11344 | D:9      | Reached ***** piety under Trog
 11366 | D:9      | Reached XP level 11. HP: 83/86 MP: 11/11
 11408 | D:9      | Reached skill level 1 in Polearms
 11636 | D:9      | Found a staircase to the Orcish Mines.
 11716 | D:9      | Noticed an orange crystal statue
 11983 | D:9      | Got a scorched ring mail
 11994 | D:9      | Identified the +4 ring mail "Zyciuraa" {+Fly Str+3} (You
                  | found it on level 9 of the Dungeon)
 12176 | D:9      | Received a gift from Trog
 12481 | D:9      | Killed an orange crystal statue
 12610 | D:10     | Entered Level 10 of the Dungeon
 12655 | D:10     | Noticed a two-headed ogre
 12667 | D:10     | Killed a two-headed ogre
 12717 | D:10     | Reached skill level 9 in Shields
 13073 | D:10     | Found Myggail's Weapon Shop.
 13238 | D:10     | Found a staircase to the Lair.
 13555 | D:11     | Noticed a two-headed ogre
 13564 | D:11     | Killed a two-headed ogre
 14087 | D:11     | Received a gift from Trog
 14447 | D:12     | Noticed an unseen horror
 14447 | D:12     | Noticed an unseen horror
 14450 | D:12     | Killed an unseen horror
 14450 | D:12     | Reached XP level 12. HP: 94/94 MP: 12/12
 14460 | D:12     | Reached skill level 5 in Polearms
 14575 | D:12     | Found Wexugaz's Demolitions Depot.
 14579 | D:12     | Noticed an eight-headed hydra
 14586 | D:12     | Killed an eight-headed hydra
 14586 | D:12     | Reached skill level 10 in Shields
 14671 | D:12     | Noticed a tengu warrior
 15103 | D:12     | HP: 3/95 [electric eel/bolt of electricity (15)]
 15369 | D:12     | Killed a tengu warrior
 15430 | D:12     | Noticed Josephine
 15439 | D:12     | Found a hazy altar of Hepliaklqana.
 15444 | D:12     | Killed Josephine
 15501 | D:12     | Found a transporter.
 15502 | D:12     | Noticed Folque's ghost (journeyman DsWz)
 15537 | D:12     | Found a transporter.
 15929 | D:12     | Received a gift from Trog
 15980 | D:12     | HP: 3/95 [Folque's ghost/bolt of poison (10)]
 15985 | D:12     | Killed Folque's ghost
 16425 | Orc:1    | Entered Level 1 of the Orcish Mines
 16892 | Orc:1    | Noticed Erica
 16899 | Orc:1    | Killed Erica
 16987 | Orc:2    | Entered Level 2 of the Orcish Mines
 16993 | Orc:2    | Reached skill level 11 in Shields
 17072 | Orc:2    | Reached XP level 13. HP: 101/101 MP: 13/13
 17231 | Orc:2    | Found a staircase to the Elven Halls.
 18122 | Orc:2    | Found a burning altar of Makhleb.
 18195 | Orc:2    | Received a gift from Trog
 18281 | Orc:2    | Found Qeocu's Assorted Antiques.
 19320 | Orc:2    | Paralysed by a chaos spawn for 6 turns
 19932 | Orc:2    | Reached skill level 10 in Fighting
 20060 | Orc:2    | Found Huotiuph's General Store.
 20060 | Orc:2    | Found Douga's General Store.
 20061 | Orc:2    | Found Vuqacrut's Book Shoppe.
 20061 | Orc:2    | Found Iwnezou's Antique Weapon Emporium.
 20082 | Orc:2    | Bought a +0 pair of gloves of strength for 138 gold pieces
 20629 | D:13     | Got a transparent jade ring
 20638 | D:13     | Identified the ring "Zeema" {MR+ Str+2 Int+3} (You found it
                  | on level 13 of the Dungeon)
 21110 | D:14     | Reached skill level 12 in Shields
 21265 | D:14     | Found Jufixt's Distillery.
 21396 | D:14     | Upgraded the game from 0.22.0-60-ga52c2fc to
                  | 0.22.0-75-g3901e79
 21506 | D:14     | Found a gate to the Vaults.
 21518 | D:14     | Received a gift from Trog
 21858 | Lair:1   | Entered Level 1 of the Lair of Beasts
 22000 | Lair:1   | Found a glowing golden altar of the Shining One.
 22019 | Lair:1   | Gained mutation: You are mostly covered in molten scales.
                  | (AC +3) [demonic ancestry]
 22019 | Lair:1   | Reached XP level 14. HP: 110/110 MP: 14/14
 22806 | Lair:2   | Got a polished quarterstaff
 22826 | Lair:2   | Identified the +10 quarterstaff of Wek Yku {crush, rN+
                  | Stlth+} (You found it on level 2 of the Lair of Beasts)
 23184 | Lair:2   | Found a staircase to the Swamp.
 23542 | Lair:3   | Found a frozen archway.
 23552 | IceCv    | Entered an ice cave
 24408 | IceCv    | Noticed a frost giant
 24416 | IceCv    | Killed a frost giant
 26431 | Lair:4   | Found a staircase to the Snake Pit.
 26579 | Lair:4   | Found a runed gate.
 26580 | Lair:4   | Found a runed gate.
 26581 | Lair:4   | Found a runed gate.
 26583 | Lair:4   | Found a viscous altar of Jiyva.
 26583 | Lair:4   | Noticed Decwus's ghost (journeyman GnFi)
 26737 | Lair:4   | Reached skill level 10 in Armour
 27566 | Lair:5   | Reached skill level 13 in Shields
 28051 | Lair:5   | Found a staircase to the Slime Pits.
 28459 | Lair:6   | Entered Level 6 of the Lair of Beasts
 28481 | Lair:6   | Reached ****** piety under Trog
 28481 | Lair:6   | Reached skill level 10 in Dodging
 28532 | Lair:6   | Received a gift from Trog
 28604 | Lair:6   | Reached XP level 15. HP: 43/117 MP: 15/15
 28622 | Lair:6   | Got a faintly glowing spear {god gift}
 28671 | Lair:6   | Found a labyrinth entrance.
 28737 | Lab      | Entered a labyrinth
 29365 | Lab      | Got an encrusted falchion
 29365 | Lab      | Got a steaming chain mail
 29428 | Lab      | Identified the +8 spear of Dim Light {pierce, rC+ Str+5
                  | Dex-3} (Trog gifted it to you on level 6 of the Lair of
                  | Beasts)
 29429 | Lab      | Identified the cursed +0 falchion "Trog's Brutal Revenge"
                  | {slice, rF+ Str-3 Int+4 Dex+4} (You found it in a
                  | labyrinth)
 29440 | Lab      | Identified the cursed +0 chain mail of the Dungeon
                  | {*Corrode rPois Str+3} (You found it in a labyrinth)
 30222 | Lair:6   | Received a gift from Trog
 31606 | Swamp:1  | Entered Level 1 of the Swamp
 31634 | Swamp:1  | Reached skill level 14 in Shields
 31898 | Swamp:1  | Reached skill level 10 in Polearms
 32333 | Swamp:1  | Identified a scroll of acquirement
 32336 | Swamp:1  | Got a sparkling marble ring
 32338 | Swamp:1  | Identified the ring "Puzur" {rF+ rN+ Str+9 Int+2 Dex-4}
                  | (You acquired it on level 1 of the Swamp)
 32352 | Swamp:1  | Noticed Nikola
 32359 | Swamp:1  | Killed Nikola
 33449 | Swamp:2  | Received a gift from Trog
 33551 | Swamp:2  | Noticed Louise
 33706 | Swamp:2  | Noticed Kirke
 33716 | Swamp:2  | Killed Kirke
 34442 | Swamp:2  | Killed Louise
 35155 | Swamp:3  | Noticed a thorn hunter
 35167 | Swamp:3  | Gained mutation: You are completely covered in sharp
                  | spines. [demonic ancestry]
 35167 | Swamp:3  | Reached XP level 16. HP: 78/127 MP: 16/16
 35176 | Swamp:3  | Killed a thorn hunter
 35606 | Swamp:3  | Noticed a thorn hunter
 35620 | Swamp:3  | Killed a thorn hunter
 36142 | Swamp:4  | Entered Level 4 of the Swamp
 36215 | Swamp:4  | Noticed a tentacled monstrosity
 36234 | Swamp:4  | Killed a tentacled monstrosity
 36234 | Swamp:4  | Received a gift from Trog
 36234 | Swamp:4  | Reached skill level 15 in Shields
 37706 | Swamp:4  | Received a gift from Trog
 38004 | Swamp:4  | Got a decaying rune of Zot
 38226 | Snake:1  | Entered Level 1 of the Snake Pit
 38477 | Snake:1  | Got a transparent turquoise ring
 38771 | Snake:1  | Found Geqiuhum's Gadget Shop.
 38772 | Snake:1  | Found Laymoe's Jewellery Emporium.
 38800 | Snake:1  | Found Xaczix's Gadget Shop.
 39096 | Snake:2  | Reached skill level 16 in Shields
 39682 | Snake:2  | Received a gift from Trog
 39705 | Snake:2  | Gained mutation: You are completely covered in molten
                  | scales. (AC +4, rF+) [demonic ancestry]
 39705 | Snake:2  | Reached XP level 17. HP: 134/134 MP: 17/17
 41689 | Snake:3  | Received a gift from Trog
 42394 | Snake:4  | Entered Level 4 of the Snake Pit
 43148 | Snake:4  | Reached skill level 17 in Shields
 43308 | Snake:4  | Received a gift from Trog
 43677 | Snake:3  | Identified the ring of Umnuclyi {rPois AC+1} (You found it
                  | on level 1 of the Snake Pit)
 43715 | Snake:4  | Got a dazzling double sword {god gift}
 43838 | Snake:4  | Identified the +8 double sword of the Five Curses {venom,
                  | rPois} (Trog gifted it to you on level 4 of the Snake Pit)
 43910 | Snake:4  | Gained mutation: You have claws for feet. [demonic
                  | ancestry]
 43910 | Snake:4  | Reached XP level 18. HP: 143/143 MP: 18/18
 44898 | Snake:4  | Got a serpentine rune of Zot
 45330 | D:15     | Entered Level 15 of the Dungeon
 45334 | D:15     | Received a gift from Trog
 45600 | D:15     | Received a gift from Trog
 46057 | D:15     | Found a staircase to the Depths.
 46181 | Vaults:1 | Entered Level 1 of the Vaults
 46308 | Vaults:1 | Found a magical portal.
 46317 | WizLab   | Entered Zonguldrok's Shrine
 46606 | WizLab   | Received a gift from Trog
 46782 | WizLab   | Reached skill level 18 in Shields
 46819 | WizLab   | Noticed an antique lich
 46843 | WizLab   | Killed an antique lich
 46923 | WizLab   | Found the +9 sword of Zonguldrok {reap}
 46934 | WizLab   | Identified the Compendium of Lightness and Ignition
 47514 | Vaults:1 | Gained mutation: You tend to lose your temper in combat. [a
                  | neqoxec]
 47515 | Vaults:1 | Gained mutation: Your spells are a little easier to cast,
                  | but a little less powerful. [a neqoxec]
 47929 | Vaults:2 | Received a gift from Trog
 47932 | Vaults:2 | Reached XP level 19. HP: 151/151 MP: 19/19
 48034 | Vaults:2 | Found an ornate altar of the Wu Jian Council.
 48068 | Vaults:2 | Paralysed by an orc sorcerer for 4 turns
 48675 | Vaults:2 | Received a gift from Trog
 48829 | Vaults:2 | Found Anakhuas's Jewellery Shoppe.
 48843 | Vaults:2 | Bought the ring of the Suburbs {rC+ Int+3 Dex+3 Slay+2} for
                  | 856 gold pieces
 49271 | Vaults:2 | Paralysed by a great orb of eyes for 2 turns
 49435 | Vaults:2 | Paralysed by a great orb of eyes for 4 turns
 50338 | Vaults:3 | Found Jaraerr's Jewellery Shoppe.
 50385 | Vaults:3 | Found Paine's General Store.
 50414 | Vaults:3 | Found Vuny's Weapon Boutique.
 50465 | Vaults:3 | Received a gift from Trog
 50503 | Vaults:3 | Found a staircase to the Crypt.
 50653 | Vaults:3 | Cast into level 2 of the Abyss (a deep elf sorcerer)
 51201 | Abyss:2  | Noticed a bone dragon
 51207 | Abyss:2  | HP: 1/121 [bone dragon (20)]
 51209 | Abyss:2  | Killed a bone dragon
 51366 | Vaults:3 | Escaped the Abyss
 51704 | Vaults:3 | Noticed a Tzitzimitl
 52113 | Vaults:3 | Received a gift from Trog
 52304 | Vaults:3 | Found Pick's Book Shoppe.
 52570 | Vaults:3 | Lost mutation: Your spells are a little easier to cast, but
                  | a little less powerful. [potion of mutation]
 52570 | Vaults:3 | Lost mutation: You tend to lose your temper in combat.
                  | [potion of mutation]
 52570 | Vaults:3 | Gained mutation: Your flesh is very heat resistant. (rF++)
                  | [potion of mutation]
 52570 | Vaults:3 | Gained mutation: Your flesh is almost immune to the effects
                  | of heat. (rF+++) [potion of mutation]
 52570 | Vaults:3 | Gained mutation: Your body sometimes deteriorates upon
                  | taking damage. [potion of mutation]
 52570 | Vaults:3 | Gained mutation: You evolve. [potion of mutation]
 52571 | Vaults:3 | Lost mutation: You evolve. [potion of mutation]
 52571 | Vaults:3 | Lost mutation: Your body sometimes deteriorates upon taking
                  | damage. [potion of mutation]
 52571 | Vaults:3 | Lost mutation: Your flesh is almost immune to the effects
                  | of heat. (rF+++) [potion of mutation]
 52571 | Vaults:3 | Gained mutation: Scrolls take you a little longer to read.
                  | [potion of mutation]
 52571 | Vaults:3 | Gained mutation: You are somewhat resistant to further
                  | mutation. [potion of mutation]
 52571 | Vaults:3 | Gained mutation: You possess an exceptional clarity of
                  | mind. [potion of mutation]
 52572 | Vaults:3 | Lost mutation: Your flesh is very heat resistant. (rF++)
                  | [potion of mutation]
 52572 | Vaults:3 | Lost mutation: Scrolls take you a little longer to read.
                  | [potion of mutation]
 52573 | Vaults:3 | Lost mutation: You possess an exceptional clarity of mind.
                  | [potion of mutation]
 52574 | Vaults:3 | Lost mutation: You are somewhat resistant to further
                  | mutation. [potion of mutation]
 52574 | Vaults:3 | Gained mutation: Your system is resistant to poisons.
                  | (rPois) [potion of mutation]
 52574 | Vaults:3 | Gained mutation: You can translocate small distances at
                  | will. [potion of mutation]
 52645 | Vaults:3 | Lost mutation: Your system is resistant to poisons. (rPois)
                  | [potion of mutation]
 52645 | Vaults:3 | Gained mutation: Your spells are a little harder to cast,
                  | but a little more powerful. [potion of mutation]
 52645 | Vaults:3 | Gained mutation: You are agile. (Dex +2) [potion of
                  | mutation]
 52646 | Vaults:3 | Lost mutation: You can translocate small distances at will.
                  | [potion of mutation]
 52646 | Vaults:3 | Lost mutation: Your spells are a little harder to cast, but
                  | a little more powerful. [potion of mutation]
 52646 | Vaults:3 | Lost mutation: You are agile. (Dex +2) [potion of mutation]
 52646 | Vaults:3 | Gained mutation: You evolve. [potion of mutation]
 52646 | Vaults:3 | Gained mutation: You are resistant to hostile enchantments.
                  | (MR+) [potion of mutation]
 52831 | Vaults:3 | Found Japutof's Antique Weapon Shop.
 53146 | Vaults:4 | Reached skill level 19 in Shields
 53265 | Vaults:4 | Gained mutation: Your natural rate of healing is unusually
                  | fast. [evolution]
 53295 | Vaults:4 | Noticed a Tzitzimitl
 53305 | Vaults:4 | Gained mutation: Your magical and physical power is
                  | slightly enhanced at high health. [demonic ancestry]
 53305 | Vaults:4 | Reached XP level 20. HP: 43/160 MP: 20/20
 53672 | Vaults:4 | Received a gift from Trog
 53722 | Vaults:4 | Reached skill level 10 in Long Blades
 54059 | Vaults:4 | Received a gift from Trog
 54067 | Vaults:4 | Gained mutation: Scrolls take you a little longer to read.
                  | [a cacodemon]
 54547 | Vaults:4 | Found Gaskas's Antique Armour Shoppe.
 54982 | Vaults:5 | Entered Level 5 of the Vaults
 55500 | Vaults:5 | Noticed a golden dragon
 55591 | Vaults:5 | Killed a golden dragon
 55712 | Vaults:4 | Reached skill level 20 in Shields
 55957 | Vaults:5 | Reached XP level 21. HP: 167/167 MP: 21/21
 55973 | Vaults:5 | Reached skill level 15 in Fighting
 55998 | Vaults:5 | Received a gift from Trog
 56384 | Vaults:5 | Killed from afar by a tengu reaver

Skill      XL: |  1  2  3  4  5  6  7  8  9 10 11 12 13 14 15 16 17 18 19 20 21 |
---------------+----------------------------------------------------------------+-----
Dodging        | 2 3 4 5 6 7 8 9 10 11 12 13 | 13.7
Long Blades    | 3 4 5 6 7 9 11 | 11.2
Armour         | 2 3 4 5 6 7 8 9 10 11 12 13 14 | 14.0
Fighting       | 4 5 6 7 8 9 10 11 12 13 14 15 | 15.1
Shields        | 1 2 5 6 8 9 11 12 13 14 16 17 18 19 20 | 20.2
Stealth        | 1 2 3 |  3.4
Axes           | 3 |  3.1
Polearms       | 4 6 8 9 10 11 12 | 12.8

Action                   |  1- 3 |  4- 6 |  7- 9 | 10-12 | 13-15 | 16-18 | 19-21 || total
-------------------------+-------+-------+-------+-------+-------+-------+-------++-------
Melee: Falchion          |    58 |   148 |   385 |    39 |       |       |       ||   630
       Kick              |       |    30 |   117 |   255 |   585 |   703 |   654 ||  2344
       War axe           |       |       |       |   134 |       |       |       ||   134
       Trident           |       |       |       |   591 |  1543 |  1697 |       ||  3831
       Quarterstaff      |       |       |       |       |     2 |       |       ||     2
       Double sword      |       |       |       |       |       |   165 |  1071 ||  1236
Invok: Berserk           |     2 |     3 |    10 |    18 |    36 |    21 |     5 ||    95
       Brothers in Arms  |       |       |       |    10 |    12 |     4 |    14 ||    40
       Trog's Hand       |       |       |       |       |       |       |     1 ||     1
  Use: Scroll            |       |    10 |       |    13 |    27 |     7 |    12 ||    69
       Potion            |       |       |       |     3 |     5 |     3 |    14 ||    25
 Stab: Sleeping          |       |       |     1 |       |       |       |       ||     1
       Distracted        |       |       |       |       |     2 |       |    11 ||    13
       Confused          |       |       |       |       |       |     1 |       ||     1
  Eat: Chunk             |     1 |    12 |    20 |    25 |    62 |    14 |    11 ||   145
       Ration            |       |       |     2 |     8 |    10 |    15 |     9 ||    44
Armor: Animal skin       |    17 |    15 |       |       |       |       |       ||    32
       Ring mail         |       |    13 |       |       |       |       |       ||    13
       Chain mail        |       |    13 |       |   207 |   279 |   224 |   259 ||   982
       Leather armour    |       |     2 |    53 |     7 |       |       |       ||    62
Dodge: Dodged            |    59 |    75 |    98 |   147 |   284 |   308 |   324 ||  1295
Block: Buckler           |    10 |    21 |       |       |       |       |       ||    31
       Large shield      |       |    14 |   363 |   725 |  1450 |  1721 |  1693 ||  5966
       Rpst.: Falchion   |    19 |    22 |    29 |     2 |       |       |       ||    72
       Double sword      |       |       |       |       |       |     8 |    54 ||    62
